 Dungeon Crawl Stone Soup version 0.29-a0-392-g297d3b089c (webtiles) character file.

Game seed: 9459641449400011223

4 puppykicker the Vexing (level 1, 0/13 HPs)
             Began as an Octopode Arcane Marksman on May 8, 2022.
             Slain by a jackal (2 damage)
             ... on level 1 of the Dungeon.
             The game lasted 00:00:30 (83 turns).

puppykicker the Vexing (Octopode Arcane Marksman)     Turns: 83, Time: 00:00:31

Health: 0/13       AC:  1    Str:  9    XL:     1   Next: 70%
Magic:  2/2        EV: 13    Int: 15    God:
Gold:   5          SH:  0    Dex: 12    Spells: 1/2 levels left

rFire   . . .      SeeInvis .   a - +0 hand crossbow
rCold   . . .      Faith    .   (no shield)
rNeg    . . .      Spirit   .   (helmet restricted)
rPois   .          Reflect  .   (no amulet)
rElec   .          Harm     .   (no ring)
rCorr   .          Rampage  .   (no ring)
Will    .....                   (no ring)
Stlth   ++........              (no ring)
HPRegen 0.04/turn               (no ring)
MPRegen 0.08/turn               (no ring)
                                (no ring)
                                (no ring)

@: no status effects
A: almost no armour, amphibious, 8 rings, camouflage 1, gelatinous body 1,
(nimble swimmer 1), tentacles
a: no special abilities


You were on level 1 of the Dungeon.
You visited 1 branch of the dungeon, and saw 1 of its levels.

You collected 5 gold pieces.

Inventory:

Hand Weapons
 a - a +0 hand crossbow (weapon)
Scrolls
 b - a scroll of vulnerability {!r!r}
 d - a scroll of poison {unknown}
 e - a scroll of immolation {unknown}
Potions
 c - a potion of curing {unknown}


   Skills:
 + Level 1.2 Fighting
 * Level 2.3 Crossbows
 - Level 2.0 Dodging
 - Level 1.0 Spellcasting
 - Level 3.0 Hexes


You had one spell level left.
You knew the following spells:

 Your Spells              Type           Power      Damage    Failure   Level
s - Slow                  Hex            36%        N/A       7%          1

Your spell library contained the following spells:

 Spells                   Type           Power      Damage    Failure   Level
 Inner Flame              Hex/Fire       5%         N/A       36%         3
 Portal Projectile        Hex/Tloc       10%        N/A       36%         3
 Cause Fear               Hex            4%         N/A       56%         4


Dungeon Overview and Level Annotations

Branches:
Dungeon (1/15)

Altars:

Annotations:
D:1 need dig


Innate Abilities, Weirdness & Mutations

You cannot wear most types of armour.
You are amphibious.
You can wear up to eight rings at the same time.
Your skin changes colour to match your surroundings (Stealth+).
Your rubbery body absorbs attacks. (AC +1, EV +1)
((You are camouflaged when in or above water. (Stealth+)))
You have tentacles for arms and can constrict up to eight enemies at once.


Message History

The jackal barks!
A jackal comes into view. x2
You shoot a bolt. The bolt closely misses the jackal.
The jackal barks! x2
You shoot a bolt. The bolt barely misses the jackal.
You shoot a bolt. The bolt barely misses the jackal.
The bolt closely misses the jackal.
An endoplasm comes into view.
You shoot a bolt. The bolt hits the jackal.
The jackal closely misses you. The jackal barely misses you.
The jackal misses you.
You shoot a bolt. The bolt hits the jackal.
The jackal misses you.
The jackal bites you but does no damage.
The jackal closely misses you. The jackal bites you.
You take 3 damage, and have 10/13 hp.
MASSIVE DAMAGE!!
The jackal attacks as you move away!
The jackal bites you but does no damage.
The jackal bites you.
You take 3 damage, and have 7/13 hp.
MASSIVE DAMAGE!!
The jackal attacks as you move away! The jackal bites you.
* * * LOW HITPOINT WARNING * * *
The jackal barely misses you.
You take 2 damage, and have 5/13 hp.
The jackal attacks as you move away! The jackal closely misses you.
The jackal barely misses you. The jackal attacks as you move away!
The jackal misses you. The jackal attacks as you move away!
The jackal bites you.
* * * LOW HITPOINT WARNING * * *
The jackal attacks as you move away! The jackal barely misses you.
The jackal misses you.
You take 3 damage, and have 2/13 hp.
MASSIVE DAMAGE!!
Unknown command.
Shoot: a) +0 hand crossbow
Press: ? - help, Q - select action Shift-Dir - straight line, f/p - jackal
Aim: a jackal (moderately wounded, 51% to hit)
You shoot a bolt. The bolt barely misses the jackal. x3
The jackal barely misses you. The jackal bites you.
You die...

.............................
..........####.#.†....$#
###.......# #.#.#.....#
###.......# #.#.#.J#..#
..........# #.#.......##
###.......# #.#hh...[...#
#.#####.# #.#h##......# #..
.# #.#h##......# #.##### #
#@##....).# #>....
..................
#.##.#######.#.####......
###.##.......#...# .....
.†..#..#####..####
#..#..#.....#..#
#....#.......#..#
#...#....<....#
#....#.......#...


You could see 4 jackals.

Levels and vault maps discovered:
D:1:      scummos_arrival_hexagon, layout_basic, basic_ecumenical_altar,
          minmay_statues_item

Notes
Turn   | Place    | Note
-------+----------+-------------------------------------------
     0 | D:1      | puppykicker the Octopode Arcane Marksman began the quest
                  | for the Orb.
     0 | D:1      | Reached XP level 1. HP: 13/13 MP: 2/2
    38 | D:1      | Identified a +0 ring mail
    61 | D:1      | Found a faded altar of an unknown god.
    65 | D:1      | Identified a +0 club
    81 | D:1      | HP: 2/13 [jackal (3)]
    83 | D:1      | Slain by a jackal

Table legend: (Time is in decaauts)
 A = Elapsed time spent in this place.
 B = Non-inter-level travel time spent in this place.
 C = Inter-level travel time spent in this place.
 D = Time resting spent in this place.
 E = Time spent auto-exploring this place.
 F = Levels seen in this place.
 G = Mean time per level.
                   A        B        C        D        E       F      G
               +--------+--------+--------+--------+--------+-----+--------+
         Total |     88 |     88 |      0 |      0 |     54 |   1 |   88.0 |
       Dungeon |     88 |     88 |      0 |      0 |     54 |   1 |   88.0 |
               +--------+--------+--------+--------+--------+-----+--------+

Top non-repeatable levels by time:
     D:1: 88 daAuts

Table legend:
 A = Kills in this place as a percentage of kills in entire the game.
 B = Kills by you in this place as a percentage of kills by you in the entire game.
 C = Kills by friends in this place as a percentage of kills by friends in the entire game.
 D = Other kills in this place as a percentage of other kills in the entire game.
 E = Experience gained in this place as a percentage of experience gained in the entire game.
 F = Experience gained in this place divided by the number of levels of this place that you have seen.
                   A       B       C       D       E      F
               +-------+-------+-------+-------+-------+----------------------
         Total | 100.0 | 100.0 |   N/A |   N/A | 100.0 |   7.0
       Dungeon | 100.0 | 100.0 |   N/A |   N/A | 100.0 |   7.0
               +-------+-------+-------+-------+-------+----------------------

Action                   || total
-------------------------++-------
 Fire: Hand crossbow     ||    14
Armor: Skin              ||     2
Dodge: Dodged            ||    12

Vanquished Creatures
  A goblin (D:1)
  A hobgoblin (D:1)
  A quokka (D:1)
  A rat (D:1)
4 creatures vanquished.
